 Dungeon Crawl Stone Soup version 0.23-a0-94-g44dc95e (webtiles) character file.

440 googuy the Gouger (level 6, 0/42 HPs)
             Began as a Felid Berserker on Aug 14, 2018.
             Was a Believer of Trog.
             Slain by a gnoll
             ... wielding a +0 spear
              (11 damage)
             ... on level 6 of the Dungeon on Aug 17, 2018.
             The game lasted 00:09:47 (5158 turns).

googuy the Gouger (Felid Berserker)                 Turns: 5158, Time: 00:09:48

Health: 0/42       AC:  2    Str: 19    XL:     6   Next: 70%
Magic:  7/7        EV: 21    Int:  9    God:    Trog [**....]
Gold:   249        SH:  0    Dex: 16    Spells: 5/5 levels left
                                        Lives:  0   Deaths: 2

rFire    . . .     SeeInvis +     - Unarmed
rCold    . . .     Gourm    .   (shield unavailable)
rNeg     . . .     Faith    .   (armour unavailable)
rPois    .         Spirit   .   (helmet unavailable)
rElec    .         Reflect  .   (cloak unavailable)
rCorr    .         Harm     .   (gloves unavailable)
MR       .....                  (boots unavailable)
Stlth    ..........             j - amulet of the acrobat
HPRegen  0.14/turn              o - +2 ring of evasion
MPRegen  0.10/turn              (no ring)

@: berserking, very quick
A: very small, no armour, no weapons or thrown items, stealth, claws 1, fangs 3,
see invisible, carnivore, speed 1, shaggy fur 2, slow metabolism 1, sharp paws
a: Berserk, Trog's Hand, Renounce Religion


You were on level 6 of the Dungeon.
You worshipped Trog.
Trog was pleased with you.
You were not hungry.

You visited 1 branch of the dungeon, and saw 6 of its levels.

You collected 249 gold pieces.

Inventory:

Jewellery
 j - an amulet of the acrobat (around neck)
 o - a +2 ring of evasion (left paw)
 p - an uncursed amulet of the gourmand
Scrolls
 e - a scroll of teleportation
 h - 6 scrolls of remove curse
 k - 2 scrolls of enchant weapon
 q - 2 scrolls of blinking
Potions
 b - a potion of haste
 d - a potion of flight
 f - 3 potions of curing
 g - a potion of ambrosia
 n - a potion of lignification
 r - 2 potions of mutation
Comestibles
 a - 11 rations


   Skills:
 - Level 3.1 Fighting
 - Level 4.0 Dodging
 + Level 9.7 Unarmed Combat


You had 5 spell levels left.
You didn't know any spells.
Your spell library was empty.

Dungeon Overview and Level Annotations

Branches:
Dungeon (6/15)
 Temple: D:4-7

Altars:
Ashenzari
Fedhas
Ru
Trog
The Shining One


Innate Abilities, Weirdness & Mutations

You cannot wear armour.
You are incapable of wielding weapons or throwing items.
Your paws allow you to move quietly. (Stealth)
You have sharp claws.
You have razor-sharp teeth.
You have supernaturally acute eyesight. (SInv)
You are carnivorous and can eat meat at any time.
You cover ground quickly.
You are covered in thick fur. (AC +2)
You have a slow metabolism.
Your sharp claws are effective at attacking unaware monsters.


Message History

The orc priest is severely wounded.
You claw the orc priest!
You kill the orc priest!
Trog accepts your kill. The orc barely misses you.
The gnoll hits you with a club.
You miss the killer bee. The killer bee stings you.
The gnoll barely misses you.
You barely miss the killer bee. The orc completely misses you.
The gnoll hits you with a club.
You are too injured to fight recklessly!
You are too injured to fight recklessly!
You are too injured to fight recklessly!
Unknown command.
You are too injured to fight recklessly!
You miss the killer bee. You bite the killer bee!
The killer bee is almost dead.
The killer bee closely misses you. The killer bee stings you!
* * * LOW HITPOINT WARNING * * *
The gnoll hits you from afar with a spear!
You die...

..... #. ........ .#..
#.## ........ #....
.... #...##.# #.....
.....####....#.##......
.....#....#....#g..Z...
..........# #....g.....
..)..#....# #.g#oo.....
... #....###..@yo.....
. #........#yg......
#....###.#.#......
..#.................
.....................
###.(................
#............#.....
...####.....<.##....
...# #.......# #


You could see 2 killer bees, an orc wizard, 4 gnolls, 2 orcs and a bullfrog
skeleton.

Vanquished Creatures
  An ice beast (D:6)
  An ogre (D:6)
  2 centaurs (D:5)
  A scorpion (D:4)
  A killer bee (D:6)
  4 wights (D:6)
  A howler monkey (D:4)
  A hound (D:4)
  An orc priest (D:6)
  A bullfrog skeleton (D:4)
  An orc wizard (D:3)
  2 worker ants
  4 gnolls (D:3)
  8 adders
  A shadow imp (D:5)
  An ooze (D:5)
  2 worms
  A dart slug (D:2)
  2 leopard geckos
  5 orcs
  A ball python (D:6)
  6 giant cockroaches
  3 goblins
  5 hobgoblins
  4 jackals (D:1)
  11 kobolds
  2 quokkas
  A ball python zombie (D:5)
  3 bats
  4 frilled lizards
  7 rats
88 creatures vanquished.

Vanquished Creatures (others)
  A wizard (D:3)
1 creature vanquished.

Grand Total: 89 creatures vanquished

Notes
Turn   | Place    | Note
-------+----------+-------------------------------------------
     0 | D:1      | googuy the Felid Berserker began the quest for the Orb.
     0 | D:1      | Reached XP level 1. HP: 10/10 MP: 2/2
   384 | D:1      | Reached XP level 2. HP: 14/14 MP: 3/3
   806 | D:1      | Reached skill level 4 in Unarmed Combat
   992 | D:2      | Reached XP level 3. HP: 17/17 MP: 4/4
  1239 | D:2      | Reached ** piety under Trog
  1589 | D:3      | Reached skill level 5 in Unarmed Combat
  1589 | D:3      | Reached XP level 4. HP: 10/21 MP: 5/5
  2104 | D:3      | Found a shattered altar of Ashenzari.
  2283 | D:3      | Found a glowing golden altar of the Shining One.
  2317 | D:3      | Found a blossoming altar of Fedhas.
  2408 | D:3      | Reached XP level 5. HP: 24/24 MP: 6/6
  2415 | D:3      | Reached skill level 6 in Unarmed Combat
  2945 | D:3      | Found a bloodstained altar of Trog.
  2957 | D:3      | Noticed a wizard
  2963 | D:3      | Killed a wizard
  3035 | D:3      | Upgraded the game from 0.23-a0-85-g22930c1 to 0.23-a0-94-g44dc95e
  3237 | D:4      | Gained mutation: You are covered in thick fur. (AC +2) [Felid growth]
  3237 | D:4      | Reached XP level 6. HP: 28/28 MP: 7/7
  3692 | D:4      | Reached skill level 7 in Unarmed Combat
  4018 | D:5      | Entered Level 5 of the Dungeon
  4456 | D:5      | Reached skill level 8 in Unarmed Combat
  4456 | D:5      | Reached XP level 7. HP: 21/31 MP: 8/8
  4636 | D:5      | Found a sacrificial altar of Ru.
  5112 | D:6      | Slain by a wight
  5113 | D:6      | Reached XP level 6. HP: -1/28 MP: 7/7
  5122 | D:6      | Reached skill level 9 in Unarmed Combat
  5124 | D:6      | Reached XP level 7. HP: 31/31 MP: 8/8
  5134 | D:6      | Slain by an ice beast
  5135 | D:6      | Reached XP level 6. HP: 0/28 MP: 7/7
  5142 | D:6      | Killed an ice beast
  5158 | D:6      | Slain by a gnoll

Vault maps used:
D:1:      tarquinn_simple_flora_water_a
D:3:      fedhas_altar_4, tso_altar, ashenzari_conservatory_becter,
          first_ration, hex_medium, trog_wizard
D:5:      st_stairs_12, corexii_leaking_fountain, nicolae_ru_path_of_blood
D:6:      minmay_temple_entry_junction, ebering_ghost_rock_garden

Skill      XL: |  1  2  3  4  5  6 |
---------------+-------------------+-----
Unarmed Combat | 4 5 6 9 |  9.7
Fighting       | |  3.1
Dodging        | |  4.0

Action                   |  1- 3 |  4- 6 |  7- 9 || total
-------------------------+-------+-------+-------++-------
Melee: Unarmed           |    90 |   135 |    18 ||   243
       Bite              |     7 |    13 |       ||    20
       Punch             |       |     4 |     2 ||     6
Invok: Berserk           |     3 |     6 |     1 ||    10
  Use: Scroll            |       |     7 |     8 ||    15
 Stab: Sleeping          |     4 |     1 |       ||     5
  Eat: Chunk             |     8 |     6 |       ||    14
Armor: Skin              |     3 |     2 |     3 ||     8
Dodge: Dodged            |    69 |   102 |    11 ||   182

Table legend:
 A = Non-vault XP
 B = Vault XP
 C = Vault XP percentage of total XP
 D = Non-vault monster count
 E = Vault monster count
 F = Vault count percentage of total count
 G = Total turns spent on level
                 A         B        C        D         E       F
            +---------+---------+-------+---------+---------+-------
      Total |    1189 |     225 |  15.9 |      85 |       3 |   3.4
            +---------+---------+-------+---------+---------+-------
        D:1 |      35 |       0 |   0.0 |      20 |       0 |   0.0
        D:2 |      53 |       0 |   0.0 |      16 |       0 |   0.0
        D:3 |     192 |       0 |   0.0 |      23 |       0 |   0.0
        D:4 |     226 |       0 |   0.0 |       7 |       0 |   0.0
        D:5 |      80 |     225 |  73.8 |       7 |       3 |  30.0
        D:6 |     603 |       0 |   0.0 |      12 |       0 |   0.0
            +---------+---------+-------+---------+---------+-------
